 Dungeon Crawl Stone Soup version 0.28-a0-932-g843f935a50 (webtiles) character file.

Game seed: 414036006851355869

197 croobank the Skirmisher (level 5, 0/57 HPs)
             Began as an Ogre Delver on Nov 27, 2021.
             Was a Believer of Ru.
             Killed by divine providence
             ... invoked by an orc priest
              (12 damage)
             ... on level 3 of the Dungeon on Nov 28, 2021.
             The game lasted 00:22:07 (4039 turns).

croobank the Skirmisher (Ogre Delver)               Turns: 4039, Time: 00:22:07

Health: 0/57       AC:  3    Str: 13 (16) XL:     5   Next: 75%
Magic:  5/5        EV: 10    Int: 12      God:    Ru [**....]
Gold:   67         SH:  0    Dex: 12 (14) Spells: 4/4 levels left

rFire   x . .      SeeInvis +   a - +1 spear
rCold   x . .      Faith    .   (no shield)
rNeg    . . .      Spirit   .   b - +0 robe
rPois   .          Reflect  .   (helmet restricted)
rElec   .          Harm     .   (no cloak)
rCorr   +          Rampage  .   (gloves unavailable)
Will    .....                   (boots unavailable)
Stlth   +++.......              (no amulet)
HPRegen 0.19/turn               o - ring of flight
MPRegen 0.09/turn               i - ring of the Scarab {rCorr Dex+4 SInv}

@: flying
A: large, unfitting armour, tough skin 1, temperature sensitive
a: Renounce Religion


You were on level 3 of the Dungeon.
You worshipped Ru.
Ru was pleased with you.
You visited 1 branch of the dungeon, and saw 5 of its levels.

You collected 67 gold pieces.

Inventory:

Hand Weapons
 a - a +1 spear (weapon)
 e - a +0 morningstar
 f - a +0 halberd
 l - a +0 dagger
 n - a +0 trident
Missiles
 d - 56 arrows
 j - 12 poisoned darts (quivered)
 m - 66 stones
Armour
 b - a +0 robe (worn)
Magical Staves
 h - a staff of poison
Jewellery
 i - the ring of the Scarab (right hand) {rCorr Dex+4 SInv}
   (You acquired it on level 1 of the Dungeon)

   [ring of see invisible]

   Dex:       It affects your dexterity (+4).
   SInv:      It lets you see invisible.
   rCorr:     It protects you from acid and corrosion.
 o - a ring of flight (left hand)
Wands
 g - a wand of digging (2)
Scrolls
 c - a scroll of fog
 q - 2 scrolls of identify


   Skills:
 + Level 5.0 Fighting
 + Level 3.8 Polearms
 + Level 0.8 Throwing
 + Level 2.3 Dodging
 + Level 4.5 Stealth


You had 4 spell levels left.
You didn't know any spells.
Your spell library was empty.

Dungeon Overview and Level Annotations

Branches:
Dungeon (5/15)             Temple (0/1) D:5

Altars:
Ru
Trog


Innate Abilities, Weirdness & Mutations

You are too large for most types of armour.
You have tough skin. (AC +1)
You are sensitive to extremes of temperature. (rF-, rC-)


Message History

The orc is heavily wounded.
The orc closely misses you.
You hit the orc.
The orc is almost dead.
The orc hits you with a +0 short sword.
* * * LOW HITPOINT WARNING * * *
You aren't carrying any potions.
As you read the scroll of teleportation, it crumbles to dust.
You feel strangely unstable. The orc hits you with a +0 short sword.
* * * LOW HITPOINT WARNING * * *
You hit the orc.
You kill the orc!
The kobold closely misses you.
Your surroundings suddenly seem different. 2 orcs and 2 orc priests come into view.
Found a granite ring.
The orc shouts!
The orc priest shouts!
A rat comes into view.
Okay, then.
Okay, then.
The orc priest shouts!
The orc priest barely misses you.
Found a ring mail.
The orc priest hits you with a +0 dagger.
* * * LOW HITPOINT WARNING * * *
The orc shouts!
Aiming: Dig
Press: ? - help, Shift-Dir - straight line A rock wall.
The rock shatters into small pieces.
The orc priest casts a cantrip, but nothing happens.
The orc priest hits you but does no damage.
The orc closely misses you. The rat misses you.
The orc priest looks satisfied for a moment.
You redirect the orc priest's attack!
The orc hits you with a +0 mace.
* * * LOW HITPOINT WARNING * * *
The orc priest calls down the wrath of Beogh upon you.
Beogh smites you!
You die...

###### #....
#.... ... ...
#.# #.# #@#
#######.#
#....roo#
#.....oo#
#.......#
######.......#
#............#
#.........[..#
#............#


You could see 2 orc priests and 2 orcs.

Vanquished Creatures
  A gnoll sergeant (D:2)
  5 gnolls
  2 adders
  5 worms
  A dart slug (D:1)
  9 orcs
  6 ball pythons
  4 endoplasms
  3 giant cockroaches
  3 goblins
  6 hobgoblins
  6 kobolds
  A quokka (D:2)
  3 bats
  3 frilled lizards
  2 rats (D:3)
60 creatures vanquished.

Vanquished Creatures (collateral kills)
  A bat (D:3)
  A ball python (D:3)
2 creatures vanquished.

Grand Total: 62 creatures vanquished

Notes
Turn   | Place    | Note
-------+----------+-------------------------------------------
     0 | D:5      | croobank the Ogre Delver began the quest for the Orb.
     0 | D:5      | Reached XP level 1. HP: 24/24 MP: 1/1
    46 | D:5      | Noticed an iguana
    78 | D:5      | Noticed a scorpion
    79 | D:5      | Noticed a sky beast
   100 | D:5      | Found a staircase to the Ecumenical Temple.
   148 | D:5      | Noticed a scorpion
   302 | D:4      | Reached XP level 2. HP: 31/32 MP: 2/2
   855 | D:1      | Reached XP level 3. HP: 26/39 MP: 3/3
   970 | D:1      | Found a faded altar of an unknown god.
   987 | D:1      | Prayed at the altar of an unknown god.
   987 | D:1      | Became a worshipper of Ru the Awakened
  1004 | D:1      | Gained mutation: You are sensitive to extremes of
                  | temperature. (rF-, rC-) [Ru sacrifice]
  1004 | D:1      | Reached * piety under Ru
  1004 | D:1      | Reached ** piety under Ru
  1174 | D:1      | Acquired the ring of the Scarab {rCorr Dex+4 SInv}
  1776 | D:2      | Found a bloodstained altar of Trog.
  1805 | D:2      | Reached XP level 4. HP: 49/49 MP: 4/4
  2251 | D:3      | Noticed a gnoll sergeant
  2441 | D:2      | HP: 2/49 [gnoll sergeant (8)]
  2595 | D:2      | Killed a gnoll sergeant
  2596 | D:2      | Reached XP level 5. HP: 48/55 MP: 5/5
  3770 | D:3      | Reached skill level 5 in Fighting
  4039 | D:3      | Killed from afar by an orc priest

Illustrated notes

Levels and vault maps discovered:
D:1:      dpeg_arrival_three_same_balls, layout_basic,
          chequers_ecumenical_altar_simple_redux
D:2:      layout_loops_ring, basic_altar, nicolae_wormholes
D:3:      layout_basic, cheibrodos_sewer_entry_bend
D:4:      layout_loops_corners, trog_antimagical, zin_treasury,
          kennysheep_generic_room_2
D:5:      layout_loops_ring, minmay_temple_entry_ruins, serial_park_tiny_1,
          chequers_arboretum

Skill      XL: |  1  2  3  4  5 |
---------------+----------------+-----
Stealth        | 4 |  4.5
Dodging        | 2 |  2.3
Polearms       | 3 |  3.8
Fighting       | 5 |  5.0
Throwing       | |  0.8

Action                   |  1- 3 |  4- 6 || total
-------------------------+-------+-------++-------
Melee: Spear             |   113 |   151 ||   264
Throw: Dart              |       |    14 ||    14
Invok: Sacrifice Resista |     1 |       ||     1
Evoke: Wand              |       |     1 ||     1
  Use: Scroll            |     4 |     4 ||     8
       Potion            |     2 |     5 ||     7
 Stab: Sleeping          |    10 |     3 ||    13
       Distracted        |     1 |       ||     1
       Invisible         |       |     1 ||     1
Armor: Skin              |     6 |       ||     6
       Robe              |    20 |    24 ||    44
Dodge: Dodged            |    46 |    75 ||   121

Table legend: (Time is in decaauts)
 A = Elapsed time spent in this place.
 B = Non-inter-level travel time spent in this place.
 C = Inter-level travel time spent in this place.
 D = Time resting spent in this place.
 E = Time spent auto-exploring this place.
 F = Levels seen in this place.
 G = Mean time per level.
                   A        B        C        D        E       F      G
               +--------+--------+--------+--------+--------+-----+--------+
         Total |   4013 |   3978 |     35 |   1333 |   1634 |   5 |  802.6 |
       Dungeon |   4013 |   3978 |     35 |   1333 |   1634 |   5 |  802.6 |
               +--------+--------+--------+--------+--------+-----+--------+

Top non-repeatable levels by time:
     D:2: 1917 daAuts
     D:3: 1098 daAuts
     D:1: 695 daAuts
     D:5: 179 daAuts
     D:4: 123 daAuts
